 Dungeon Crawl Stone Soup version 0.28.0-1-gb440e238dd (webtiles) character file.

Game seed: 2418778525503293921

63 croobank the Ducker (level 4, -1/24 HPs)
             Began as a Tengu Earth Elementalist on Feb 26, 2022.
             Slain by Terence (11 damage)
             ... on level 2 of the Dungeon.
             The game lasted 00:09:36 (1862 turns).

croobank the Ducker (Tengu Earth Elementalist)      Turns: 1862, Time: 00:09:42

Health: -1/24      AC:  3    Str:  9    XL:     4   Next: 10%
Magic:  7/8        EV: 12    Int: 17    God:
Gold:   62         SH:  0    Dex: 14    Spells: 2/7 levels left

rFire   . . .      SeeInvis .   l - +2 short sword (flame)
rCold   . . .      Faith    .   (no shield)
rNeg    . . .      Spirit   .   g - +0 leather armour
rPois   .          Reflect  .   (helmet restricted)
rElec   .          Harm     .   (no cloak)
rCorr   .          Rampage  .   (no gloves)
Will    .....                   (boots unavailable)
Stlth   ++........              (no amulet)
HPRegen 0.08/turn               k - ring of flight
MPRegen 0.11/turn               (no ring)

@: flying
A: beak, talons 3
a: no special abilities


You were on level 2 of the Dungeon.
You visited 1 branch of the dungeon, and saw 2 of its levels.

You collected 62 gold pieces.

Inventory:

Hand Weapons
 d - a +0 short sword
 l - a +2 short sword of flaming (weapon)
Missiles
 a - 24 bolts
 c - 27 stones
 e - 5 silver javelins
 m - 4 poisoned darts
Armour
 b - a +0 robe
 g - a +0 leather armour (worn)
 i - a +2 ring mail of cold resistance
Jewellery
 k - a ring of flight (left hand)
Scrolls
 j - a scroll of teleportation
 o - a scroll of fear {unknown}
Potions
 f - a potion of attraction {unknown}
 h - a potion of heal wounds {unknown}
 n - 2 potions of resistance


   Skills:
 + Level 2.8 Dodging
 + Level 2.5 Stealth
 + Level 2.4 Spellcasting
 + Level 1.3 Transmutations
 + Level 2.4 Earth Magic
 * Level 1.2 Poison Magic


You had 2 spell levels left.
You knew the following spells:

 Your Spells              Type           Power      Damage    Failure   Level
a - Sandblast             Erth           20%        2d7       10%         1
b - Passwall              Tmut/Erth      6%         N/A       19%         2
c - Poisonous Vapours     Pois/Air       8%         N/A       30%         2

Your spell library contained the following spells:

 Spells                   Type           Power      Damage    Failure   Level
 Corpse Rot               Necr/Air       4%         N/A       36%         2
 Stone Arrow              Conj/Erth      12%        3d7       43%         3
 Petrify                  Tmut/Erth      8%         N/A       77%         4


Dungeon Overview and Level Annotations

Branches:
Dungeon (2/15)

Altars:
Dithmenos

Annotations:
D:2 Terence


Innate Abilities, Weirdness & Mutations

You have a beak for a mouth.
You have claws for feet.


Message History

You see here a ball python corpse.
You see here a ball python corpse.
o - a scroll labelled IDEACO SEAHANU
Things that are here:
a +0 dagger; a +0 dagger You see here a kobold skeleton.
Casting: Sandblast (safe; 10% risk of failure)
Confirm with . or Enter, or press ? or * to list all spells.
You can't see any susceptible monsters within range! (Use Z to cast anyway.)
Found a stone staircase leading up.
Terence shouts!
Casting: Sandblast (safe; 10% risk of failure)
Confirm with . or Enter, or press ? or * to list all spells.
Aiming: Sandblast (safe; 10% risk of failure)
Press: ? - help, Shift-Dir - straight line, f - Terence
Aim: Terence, wielding a +0 flail and wearing a +0 chain mail (85% to hit)
The blast of sand hits Terence but does no damage.
You closely miss Terence. Your kick misses Terence. Terence barely misses you.
You hit Terence but do no damage. You peck Terence, but do no damage.
Terence barely misses you.
You barely miss Terence. Your kick misses Terence.
Terence hits you with a +0 flail.
You hit Terence. You burn Terence.
Terence is lightly wounded.
Terence closely misses you.
You closely miss Terence. Your kick misses Terence. You peck Terence.
Terence is moderately wounded.
Terence closely misses you. Terence hits you with a +0 flail!
You barely miss Terence. You claw Terence, but do no damage.
Terence is moderately wounded.
Terence hits you with a +0 flail.
Casting: Sandblast (safe; 10% risk of failure)
Confirm with . or Enter, or press ? or * to list all spells.
Aiming: Sandblast (safe; 10% risk of failure)
Press: ? - help, Shift-Dir - straight line, f/p - Terence
Aim: Terence, wielding a +0 flail and wearing a +0 chain mail (moderately wounded, 85% to hit)
The blast of sand hits Terence.
Terence is moderately wounded.
Terence hits you with a +0 flail!
You die...

... .. # .. .# #.
##.## #. ....
#.##.#.#
.#####.@..#.#
....<..@....# #####
#####.......# ....#
#.......# #########
###.# ##......#
#.......# #.#
#.......# #.##.....
##.#######
#.......####.##.##.#
##........#
#..<######......##.#
#.#...###.# #...#
#..........#
.##..#.##.# #...#
#..#.......#


You could see Terence.

Vanquished Creatures
  An adder (D:2)
  3 dart slugs (D:1)
  2 endoplasms (D:1)
  2 giant cockroaches
  4 goblins
  6 hobgoblins
  2 quokkas
  3 ball pythons
  6 bats
  3 frilled lizards (D:1)
  9 kobolds
  4 rats
  A bush (D:1)
46 creatures vanquished.

Vanquished Creatures (others)
  A plant (D:1)
1 creature vanquished.

Grand Total: 47 creatures vanquished

Notes
Turn   | Place    | Note
-------+----------+-------------------------------------------
     0 | D:1      | croobank the Tengu Earth Elementalist began the quest for
                  | the Orb.
     0 | D:1      | Reached XP level 1. HP: 10/10 MP: 4/4
   112 | D:1      | Reached skill level 1 in Transmutations
   112 | D:1      | Reached XP level 2. HP: 15/15 MP: 4/6
   317 | D:1      | Learned a level 2 spell: Passwall
   408 | D:1      | Learned a level 2 spell: Poisonous Vapours
   424 | D:1      | Reached XP level 3. HP: 19/19 MP: 4/7
  1301 | D:2      | Noticed Terence
  1423 | D:2      | Reached skill level 1 in Poison Magic
  1491 | D:2      | Reached XP level 4. HP: 22/24 MP: 4/8
  1697 | D:2      | Found a shadowy altar of Dithmenos.
  1862 | D:2      | Slain by Terence

Illustrated notes

Levels and vault maps discovered:
D:1:      amcnicky_arrival_flooded_fountain, layout_rooms, serial_forest,
          infiniplex_forest_lined_room_, infiniplex_forest_end_1,
          infiniplex_forest_clump_small, infiniplex_forest_clump_tiny,
          infiniplex_forest_clump_double, infiniplex_forest_clump_double,
          infiniplex_forest_clump_small, infiniplex_forest_diagonal,
          infiniplex_forest_clump_tiny, infiniplex_forest_end_2,
          minmay_misc_feat_cross
D:2:      layout_loops_cross, basic_altar, uniq_terence

Skill      XL: |  1  2  3 |
---------------+----------+-----
Transmutations | 1 |  1.3
Poison Magic   | 1 |  1.2
Dodging        | |  2.8
Stealth        | |  2.5
Spellcasting   | |  2.4
Earth Magic    | |  2.4

Action                   |  1- 3 |  4- 6 || total
-------------------------+-------+-------++-------
Melee: Unarmed           |     2 |       ||     2
       Short sword       |   242 |    13 ||   255
       Kick              |   115 |     2 ||   117
       Peck              |    67 |     3 ||    70
       Punch             |     5 |       ||     5
 Cast: Sandblast         |    28 |     2 ||    30
  Use: Scroll            |     2 |     1 ||     3
 Stab: Sleeping          |     2 |     1 ||     3
Armor: Robe              |     1 |       ||     1
       Ring mail         |    22 |       ||    22
       Leather armour    |       |     3 ||     3
Dodge: Dodged            |    36 |     6 ||    42
